 Dungeon Crawl Stone Soup version 0.31-a0-1496-g79c7dd0eeb (webtiles) character file.

Game seed: 8194990770971586203

63 monkeytab the Changeling (level 4, -3/28 HPs)
             Began as an Octopode Shapeshifter on Dec 29, 2023.
             Slain by Sigmund
             ... wielding a +0 scythe
              (8 damage)
             ... on level 2 of the Dungeon.
             The game lasted 00:02:14 (943 turns).

monkeytab the Changeling (Octopode Shapeshifter)     Turns: 943, Time: 00:02:14

Health: -3/28      AC:  1    Str: 15    XL:     4   Next: 9%
Magic:  4/4        EV: 13    Int: 12    God:
Gold:   105        SH:  0    Dex: 11    Spells: 3/3 levels left

rFire   . .          .
                       - Unarmed
rCold   . . .        (no shield)
rNeg    . . .        (helmet currently unavailable)
rPois   .            (no amulet)
rElec   .            (no ring)
rCorr   .            (no ring)
SInv    .            (no ring)
Will    .....        (no ring)
Stlth   ++           (no ring)
HPRegen 0.24/turn    (no ring)
MPRegen 0.09/turn    (no ring)
                     (no ring)

%: no passive effects
@: confused, beast-form
A: beast (slay +2), almost no armour, amphibious, 8 rings, camouflage 1,
gelatinous body 1, (nimble swimmer 1), tentacles
a: Begin Untransformation


You were on level 2 of the Dungeon.
You were a hulking beast.
You visited 1 branch of the dungeon, and saw 2 of its levels.

You collected 105 gold pieces.

Inventory:

Hand Weapons
 h - a +3 dagger of flaming
Jewellery
 i - an amulet of faith
Talismans
 b - a beast talisman
 c - a flux talisman
 j - a flux talisman
Scrolls
 e - 2 scrolls of revelation {unknown}
Potions
 a - a potion of lignification


   Skills:
 - Level 1.0 Fighting
 - Level 2.0 Dodging
 + Level 3.6 Unarmed Combat
 * Level 4.1 Shapeshifting


You had 3 spell levels left.
You didn't know any spells.
Your spell library was empty.

Dungeon Overview and Level Annotations

Branches:
Dungeon (2/15)

Altars:

Annotations:
D:2 Sigmund


Innate Abilities, Weirdness & Mutations

You are a hulking beast.
Your limbs bulge with bestial killing power. (Slay +2)
You cannot wear most types of armour.
You are amphibious.
You can wear up to eight rings at the same time.
Your skin changes colour to match your surroundings (Stealth+).
Your rubbery body absorbs attacks. (AC +1, EV +1)
((You are camouflaged when in or above water. (Stealth+)))
You have tentacles for arms and can constrict up to eight enemies at once.


Message History

You are confused.
Unknown command.
It was a potion of curing.
You feel better.
Sigmund flickers, as though insubstantial.
It was a potion of haste.
You feel yourself speed up.
It was a potion of cancellation.
Your magical effects are unravelling.
You feel magically purged.
You feel yourself slow down.
It was a potion of heal wounds.
You feel much better.
Sigmund hits you from afar with a +0 scythe!
Sigmund gestures at you while chanting.
You are confused.
Sigmund gestures at you while chanting.
You are more confused.
You're too confused to move!
Sigmund points at you and mumbles some strange words.
You are more confused.
You see here a +0 mace of protection.
You bump into the rock wall.
Sigmund casts a spell at you.
You are more confused.
You bump into the rock wall.
Sigmund casts a spell at you. You resist with some effort.
You bump into the rock wall.
Sigmund closely misses you.
You bump into the rock wall.
Sigmund points at you and mumbles some strange words.
You are more confused.
You bump into the rock wall.
Sigmund screams, "You will never...
NEVER!!!"
Sigmund hits you with a +0 scythe!
You bump into the rock wall.
Sigmund hits you from afar with a +0 scythe!
* * * LOW HITPOINT WARNING * * *
You bump into the rock wall.
Sigmund hits you from afar with a +0 scythe!
You die...
Sigmund begins carving another notch in his scythe.

..
..################
..#.†)).....@....#
..#.############.#
.)#†# #.# ..@.#
#.# ..### #@# ..
#.# .. #h# .. #)#
## #.# #.# #.# #.#
#.# #.# #.#


You could see Sigmund.

Vanquished Creatures
  A worm (D:2)
  2 dart slugs
  3 orcs (D:2)
  3 bats (D:1)
  2 giant cockroaches (D:1)
  7 goblins
  4 hobgoblins
  6 jackals (D:1)
  4 kobolds (D:1)
  4 quokkas (D:1)
  4 ball pythons
  2 frilled lizards (D:1)
  5 rats
47 creatures vanquished.

Notes
Turn   | Place    | Note
-------+----------+-------------------------------------------
     0 | D:1      | monkeytab the Octopode Shapeshifter began the quest for the
                  | Orb.
     0 | D:1      | Reached XP level 1. HP: 13/13 MP: 1/1
   171 | D:1      | Reached XP level 2. HP: 11/18 MP: 2/2
   514 | D:1      | Reached XP level 3. HP: 23/23 MP: 3/3
   871 | D:2      | Reached skill level 4 in Shapeshifting
   890 | D:2      | Reached XP level 4. HP: 22/28 MP: 4/4
   910 | D:2      | Noticed Sigmund
   943 | D:2      | Slain by Sigmund

Illustrated notes

Levels and vault maps discovered:
D:1:      dpeg_chamrin_arrival_tetris, layout_basic
D:2:      layout_basic, minmay_misc_feat_doors, uniq_natasha, uniq_sigmund,
          uniq_terence, uniq_robin

Skill      XL: |  1  2  3 |
---------------+----------+-----
Shapeshifting  | 4 |  4.1
Fighting       | |  1.0
Dodging        | |  2.0
Unarmed Combat | |  3.6

Action                     |  1- 3 |  4- 6 || total
---------------------------+-------+-------++-------
  Melee: Unarmed           |    82 |     2 ||    84
         Constrict         |    24 |     1 ||    25
         Tentacles         |    14 |     1 ||    15
         Punch             |     4 |     1 ||     5
    Use: Potion            |       |     4 ||     4
   Stab: Sleeping          |     2 |       ||     2
 Armour: Skin              |    28 |     4 ||    32
  Dodge: Dodged            |    43 |     2 ||    45

Table legend: (Time is in decaauts)
 A = Elapsed time spent in this place.
 B = Non-inter-level travel time spent in this place.
 C = Inter-level travel time spent in this place.
 D = Time resting spent in this place.
 E = Time spent auto-exploring this place.
 F = Levels seen in this place.
 G = Mean time per level.
                   A        B        C        D        E       F      G
               +--------+--------+--------+--------+--------+-----+--------+
         Total |    938 |    931 |      7 |     78 |    613 |   2 |  469.0 |
       Dungeon |    938 |    931 |      7 |     78 |    613 |   2 |  469.0 |
               +--------+--------+--------+--------+--------+-----+--------+

Top non-repeatable levels by time:
     D:1: 759 daAuts
     D:2: 179 daAuts
